 Dungeon Crawl Stone Soup version 0.31.0-7-gf635a9b802 (webtiles) character file.

Game seed: 16593067643406987571

491 Arcadio the Sneak (level 7, -8/48 HPs)
             Began as an Octopode Brigand on Jan 23, 2024.
             Mangled by a gnoll sergeant
             ... wielding a +0 spear
              (12 damage)
             ... on level 5 of the Dungeon.
             The game lasted 00:08:12 (3546 turns).

Arcadio the Sneak (Octopode Brigand)                Turns: 3546, Time: 00:08:12

Health: -8/48      AC:  1    Str: 11    XL:     7   Next: 14%
Magic:  7/7        EV: 14    Int: 13    God:
Gold:   227        SH:  0    Dex: 15    Spells: 6/6 levels left

rFire   . . .        l - +2 dagger (venom)
rCold   . . .        (no shield)
rNeg    . . .        (helmet restricted)
rPois   .            (no amulet)
rElec   .            (no ring)
rCorr   .            (no ring)
SInv    .            (no ring)
Will    .....        (no ring)
Stlth   +++++        (no ring)
HPRegen 0.28/turn    (no ring)
MPRegen 0.10/turn    (no ring)
                     (no ring)

%: no passive effects
@: no status effects
A: almost no armour, amphibious, 8 rings, camouflage 1, gelatinous body 1,
(nimble swimmer 1), tentacles
a: no special abilities


You were on level 5 of the Dungeon.
You visited 1 branch of the dungeon, and saw 5 of its levels.

You collected 227 gold pieces.

Inventory:

Hand Weapons
 a - a +2 dagger
 l - a +2 dagger of venom (weapon)
Missiles
 b - 15 poisoned darts (quivered)
 c - 3 curare-tipped darts
Scrolls
 e - a scroll of fog
 g - a scroll of enchant armour
 h - a scroll of blinking
 j - a scroll of noise {unknown}
 k - 2 scrolls of vulnerability
 p - 2 scrolls of teleportation {unknown}
Potions
 d - a potion of degeneration {unknown}
 i - a potion of enlightenment
 m - 2 potions of curing {unknown}
 n - a potion of might {unknown}
 o - 3 potions of brilliance


   Skills:
 + Level 4.0 Fighting
 + Level 4.0 Short Blades
 - Level 2.0 Throwing
 + Level 3.6 Dodging
 + Level 7.5 Stealth


You had 6 spell levels left.
You didn't know any spells.
Your spell library contained the following spells:

 Spells                   Type           Power      Damage    Failure   Level
 Necrotise                Necr           0%         1d4       30%         1
 Sting                    Conj/Alch      0%         1d3       30%         1
 Mercury Vapours          Alch/Air       0%         N/A       43%         2
 Vampiric Draining        Necr           0%         2d6       67%         3
 Martyr's Knell           Necr/Summ      0%         N/A       97%         4
 Olgreb's Toxic Radiance  Alch           0%         N/A       97%         4
 Curse of Agony           Necr           0%         N/A       100%        5
 Summon Forest            Summ/Tloc      0%         N/A       100%        5
 Summon Mana Viper        Hex/Summ       0%         N/A       100%        5
 Summon Cactus Giant      Summ           0%         N/A       100%        6


Dungeon Overview and Level Annotations

Branches:
Dungeon (5/15)
 Temple: D:4-7

Altars:
Fedhas
Qazlal

Shops:
D:2 *


Innate Abilities, Weirdness & Mutations

You cannot wear most types of armour.
You are amphibious.
You can wear up to eight rings at the same time.
Your skin changes colour to match your surroundings (Stealth+).
Your rubbery body absorbs attacks. (AC +1, EV +1)
((You are camouflaged when in or above water. (Stealth+)))
You have tentacles for arms and can constrict up to eight enemies at once.


Message History

There is a stone staircase leading down here.
You start resting.
HP restored.
There is a stone staircase leading down here.
You climb downwards.
There is a stone staircase leading up here.
A gnoll sergeant comes into view. It is wielding a +0 spear.
The gnoll closely misses you.
The gnoll shouts!
You hit the gnoll but do no damage.
The gnoll is poisoned.
You grab the gnoll. You constrict the gnoll.
The gnoll shouts!
The gnoll sergeant shouts!
The gnoll hits you with a +0 spear. The gnoll misses you.
You release your grip on the gnoll.
The gnoll hits you from afar with a +0 spear!
You hit the gnoll. Your grab misses the gnoll. You squeeze the gnoll!
You kill the gnoll!
You see here a +0 ring mail.
The gnoll completely misses you. The gnoll misses you.
You see here a +0 ring mail.
You hit the gnoll.
The gnoll looks as sick as possible!
Your grab misses the gnoll. Your squeeze misses the gnoll.
The gnoll is severely wounded.
You closely miss the gnoll. You grab the gnoll.
The gnoll is severely wounded.
You constrict the gnoll, but do no damage.
You kill the gnoll!
The gnoll sergeant hits you from afar with a +0 spear!
The gnoll sergeant hits you from afar with a +0 spear.
The gnoll sergeant hits you with a +0 spear!
You see here a +0 ring mail.
The gnoll sergeant blocks your attack.
You grab the gnoll sergeant.
You constrict the gnoll sergeant, but do no damage.
The gnoll sergeant hits you with a +0 spear!
The gnoll hits you with a +0 whip!
* * * LOW HITPOINT WARNING * * *
You release your grip on the gnoll sergeant.
The gnoll sergeant hits you from afar with a +0 spear!
You die...

.......#.........##....#
..######...............#
..#...#...##.....##....#
..#...'...##.....##....#
..######.....<...##....#
.......##'##...........#
#...
##.........#.....##....#
#...
#.........#.....##....#
#...
####..>...+....@.g....#
#...
###....#.....[g)...#
#... ###..#.....##....#
#... ##.#.....##....#
#... ###..##+#####....#
#... #...........#....#
#... #...........#.....#
#... #...........#.....#
#...
#...........##########
#...


You could see a gnoll sergeant and a gnoll.

Vanquished Creatures
  An ogre (D:4)
  A gnoll bouda (D:5)
  2 orc priests (D:4)
  A sleepcap (D:5)
  An iguana (D:5)
  3 orc wizards (D:4)
  6 gnolls (D:5)
  5 adders
  A white imp (D:5)
  A ribbon worm (D:2)
  2 dart slugs
  13 orcs
  2 bats (D:3)
  5 endoplasms
  3 giant cockroaches
  4 goblins
  3 hobgoblins
  6 jackals
  A quokka (D:1)
  6 ball pythons
  A frilled lizard (D:1)
  A kobold (D:2)
  6 rats
75 creatures vanquished.

Notes
Turn   | Place    | Note
-------+----------+-------------------------------------------
     0 | D:1      | Arcadio the Octopode Brigand began the quest for the Orb.
     0 | D:1      | Reached XP level 1. HP: 14/14 MP: 1/1
    50 | D:1      | Found a faded altar of an unknown god.
    85 | D:1      | Reached XP level 2. HP: 19/19 MP: 2/2
   650 | D:2      | Reached XP level 3. HP: 25/25 MP: 3/3
   839 | D:2      | Reached skill level 6 in Stealth
   839 | D:2      | Reached XP level 4. HP: 24/30 MP: 4/4
   924 | D:2      | Found Susoem's Assorted Antiques.
   992 | D:2      | You fall into a shaft and drop 2 floors!
  1277 | D:3      | Found a blossoming altar of Fedhas.
  1280 | D:3      | Found a stormy altar of Qazlal.
  1942 | D:4      | Reached XP level 5. HP: 26/36 MP: 5/5
  2221 | D:4      | Noticed an ogre
  2268 | D:5      | Entered Level 5 of the Dungeon
  2288 | D:5      | Reached XP level 6. HP: 25/42 MP: 6/6
  2489 | D:5      | Reached skill level 7 in Stealth
  3033 | D:4      | Reached XP level 7. HP: 40/48 MP: 7/7
  3546 | D:5      | Mangled by a gnoll sergeant

Illustrated notes

Levels and vault maps discovered:
D:1:      lightli_arrival_maybe_door_vault, layout_rooms,
          hellmonk_ecumenical_altar_zigzags
D:2:      layout_rooms, serial_shops, nicolae_shop_real_fake_doors
D:3:      layout_loops_ring, grunt_temple_overflow_forces_of_nature,
          roderic_lattice_a, uniq_grinder
D:4:      layout_basic
D:5:      layout_gridville, minmay_temple_entry_wispy, hellmonk_no_cap,
          uniq_duvessa

Skill      XL: |  1  2  3  4  5  6  7 |
---------------+----------------------+-----
Stealth        | 6 7 |  7.5
Dodging        | 2 3 |  3.6
Fighting       | 3 4 |  4.0
Short Blades   | 3 4 |  4.0
Throwing       | |  2.0

Action                     |  1- 3 |  4- 6 |  7- 9 || total
---------------------------+-------+-------+-------++-------
  Melee: Dagger            |    51 |   116 |    21 ||   188
         Constrict         |    14 |    30 |     4 ||    48
         Tentacles         |     9 |    34 |     2 ||    45
         Punch             |     2 |     3 |     1 ||     6
    Use: Scroll            |       |     5 |     1 ||     6
   Stab: Sleeping          |     8 |     5 |       ||    13
 Armour: Skin              |    14 |    41 |    15 ||    70
  Dodge: Dodged            |    28 |    56 |     9 ||    93
